 Dungeon Crawl Stone Soup version 0.18-a0-1285-g60d00e1 (webtiles) character file.

3224 M4edhros the Covert (level 9, -6/53 HPs)
             Began as an Octopode Artificer on Feb 8, 2016.
             Mangled by an orc warrior
             ... wielding a +0 trident
              (10 damage)
             ... on level 9 of the Dungeon.
             The game lasted 00:30:04 (39568 turns).

M4edhros the Covert (Octopode Artificer)           Turns: 39568, Time: 00:30:04

Health: -6/53      AC:  3    Str: 10    XL:     9   Next: 98%
Magic:  8/14       EV: 18    Int: 17    God:    Xom [...*..]
Gold:   462        SH:  5    Dex: 17    Spells: 0 memorised, 8 levels left

rFire  + + .     SeeInvis .     z - +9 war axe of the Penguin {holy, rC+}
rCold  + + .     Gourm    +     A - +0 buckler
rNeg   . . .     Faith    .     (helmet restricted)
rPois  .         Spirit   .     n - amulet of the gourmand
rElec  +         Dismiss  .     t - ring of wizardry
rCorr  .         Reflect  .     (no ring)
rMut   +         Harm     .     (no ring)
SustAt .                        (no ring)
MR     .....                    (no ring)
Stlth  +++++++...               (no ring)
                                (no ring)
                                (no ring)

@: not resistant to hostile enchantments, extremely stealthy
A: almost no armour, amphibious, 8 rings, constrict 8, slimy green scales 1,
camouflage 1, agile 2, blink, cold resistance 1, fire resistance 2, mutation
resistance 3, electricity resistance, wild magic 3, gelatinous body 1,
MP-powered wands
a: Blink, Renounce Religion


You were on level 9 of the Dungeon.
You worshipped Xom.
You were a favourite toy of Xom.
You were very full.

You visited 2 branches of the dungeon, and saw 10 of its levels.

You collected 462 gold pieces.

Inventory:

Hand Weapons
 a - a +1 short sword
 j - a +2 mace of protection
 m - a +2 whip of draining
 z - the +9 war axe of the Penguin (weapon) {holy, rC+}
   (You found it on level 8 of the Dungeon)

   It has been blessed by the Shining One to cause great damage to the undead
   and demons.
   It protects you from cold.
 B - a +0 blowgun
 M - a +0 blowgun
Missiles
 h - 3 poisoned javelins (quivered)
 I - 30 poisoned needles
 J - 86 stones
Armour
 A - a +0 buckler (worn)
Magical Staves
 p - an uncursed staff of power
 v - an uncursed staff of wizardry
Jewellery
 e - an uncursed ring of ice
 n - an amulet of the gourmand (around mantle)
 r - an uncursed amulet of regeneration
 t - a ring of wizardry (left tentacle)
Wands
 b - a wand of flame (8/48)
 c - a wand of enslavement (6/24)
 d - a wand of random effects (0/48)
 i - a wand of digging (17/24)
 k - a wand of paralysis (3/24)
 C - a wand of lightning (0/15)
Scrolls
 l - 6 scrolls of remove curse
 o - a scroll of magic mapping
 q - a scroll of immolation
 u - a scroll of vulnerability
 w - a scroll of blinking
 x - a scroll of enchant weapon
 y - a scroll of teleportation
 E - a scroll of recharging
 L - a scroll of torment {unknown}
 N - 3 scrolls of brand weapon {unknown}
 O - 2 scrolls of noise {unknown}
 P - a scroll of identify
Potions
 g - a potion of haste
 G - a potion of might
 H - a potion of flight
Books
 s - a book of Enchantments

   Spells                             Type                      Level
   a - Cause Fear                     Hexes                        4
   b - Yara's Violent Unravelling     Hexes/Transmutation          5
   c - Silence                        Hexes/Air                    5
   d - Deflect Missiles               Charms/Air                   6
   e - Haste                          Charms                       6
   f - Discord                        Hexes                        8
 D - a book of the Tempests

   Spells                             Type                      Level
   a - Static Discharge               Conjuration/Air              3
   b - Lightning Bolt                 Conjuration/Air              5
   c - Fireball                       Conjuration/Fire             5
   d - Tornado                        Air                          9
   e - Shatter                        Earth                        9
Comestibles
 f - 5 bread rations
 K - a beef jerky
 R - a slice of pizza


   Skills:
 - Level 1.0 Fighting
 - Level 1.0 Short Blades
 * Level 8.6 Dodging
 * Level 11.7 Stealth
 + Level 3.0 Shields
 + Level 7.3 Evocations


You had 8 spell levels left.
You didn't know any spells.

Dungeon Overview and Level Annotations

Branches:
Dungeon (9/15)             Temple (1/1) D:7
   Lair: D:8-11         Orc: D:9-12

Altars:
Ashenzari
Cheibriados
Gozag
Makhleb
Okawaru
Pakellas
Qazlal
Ru
Sif Muna
Xom
Zin
The Shining One

Shops:
D:4 ?


Innate Abilities, Weirdness & Mutations

You cannot wear most types of armour.
You are amphibious.
You can wear up to eight rings at the same time.
You can use your tentacles to constrict eight enemies at once.
Your skin changes colour to match your surroundings (Stealth).
Your rubbery body absorbs attacks (AC +1).
You are partially covered in slimy green scales (AC +2).
You are very agile. (Dex +4)
You can translocate small distances at will.
Your flesh is cold resistant.
Your flesh is very heat resistant.
You are almost entirely resistant to further mutation and mutation removal.
You are resistant to electric shocks.
Your spells are much harder to cast, but much more powerful.
You expend magic power (3 MP) to strengthen your wands.


Message History

This wand has no charges.
There are monsters nearby!
Evoke which item? (* to show all) (? for menu, Esc to quit)
Zapping:
k - a wand of paralysis (5/24)
Press: ? - help, Shift-Dir - straight line, f - wasp
Aim: a wasp (severely wounded, chance to defeat MR: 69%)
The wasp struggles to resist.
This wand has 4 charges left.
Xom smirks.
You detect creatures!
The wasp barely misses you.
The orc warrior hits you from afar with a trident!!
* * * LOW HITPOINT WARNING * * *
The wasp barely misses you.
Evoke which item? (* to show all) (? for menu, Esc to quit)
Zapping:
k - a wand of paralysis (4/24)
Press: ? - help, Shift-Dir - straight line, f/p - wasp
Aim: a wasp (severely wounded, chance to defeat MR: 69%)
The wasp suddenly stops moving!
This wand has 3 charges left.
The orc warrior hits you from afar with a trident!
You die...
Xom laughs nastily!

#. ... ..#.# #. #.#
#.#.# g5 #.
#.######.#.###g #
#.####............#
#.#......###......###
#..)n##### #.######
###o# #.# #y#######.#
#.@.......#
###########


You could see an orc warrior, a necrophage and a wasp (paralysed).

Vanquished Creatures
  The ghost of M4edhros the Covert, a novice SpCK of Xom (D:6)
  A wyvern (D:8)
  2 sky beasts
  An orc warrior (D:6)
  2 phantoms
  An ogre (D:5)
  4 centaurs
  A necrophage (D:9)
  A big kobold (D:7)
  2 giant frogs
  A gnoll sergeant (D:6)
  A scorpion (D:8)
  A killer bee (D:9)
  2 crimson imps
  4 hounds
  A jelly (D:7)
  4 orc priests
  10 orc wizards
  A quasit (D:8)
  A centaur skeleton (D:6)
  An iron imp (D:4)
  Jessica (D:3)
  3 iguanas
  Ijyb (D:3)
  Natasha (thrice) (D:4)
  4 worker ants
  2 hound skeletons
  2 worker ant zombies (D:7)
  Robin (D:3)
  A gnoll (D:6)
  19 adders
  2 oozes (D:1)
  4 worms
  6 giant geckos
  31 orcs
  9 giant cockroaches
  15 goblins
  9 hobgoblins
  20 jackals
  11 kobolds
  7 quokkas
  8 bats
  9 giant newts
  A jackal skeleton (D:5)
  A jackal zombie (D:5)
  5 rats
  A plant (D:2)
219 creatures vanquished.

Vanquished Creatures (collateral kills)
  A big kobold (D:8)
  A hound zombie (D:8)
  2 gnolls (D:6)
4 creatures vanquished.

Vanquished Creatures (others)
  Pikel (D:4)
  A slave (D:4)
  An orc warrior (D:7)
  A centaur (D:6)
  An orc wizard (D:8)
  A hound skeleton (D:9)
6 creatures vanquished.

Grand Total: 229 creatures vanquished

Notes
Turn   | Place    | Note
--------------------------------------------------------------
     0 | D:1      | M4edhros the Octopode Artificer began the quest for the Orb.
     0 | D:1      | Reached XP level 1. HP: 13/13 MP: 3/3
   112 | D:1      | Reached XP level 2. HP: 13/18 MP: 4/4
   213 | D:1      | Reached XP level 3. HP: 12/23 MP: 5/5
   848 | D:3      | Noticed Ijyb
   856 | D:3      | Paralysed by Ijyb for 6 turns
  1516 | D:2      | Reached XP level 4. HP: 28/28 MP: 6/6
  1674 | D:2      | Reached skill level 4 in Stealth
  1877 | D:3      | Noticed Robin
  1909 | D:3      | Noticed Jessica
  1912 | D:3      | Killed Robin
  2230 | D:4      | Found a sacrificial altar of Ru.
  2258 | D:4      | Noticed Grinder
  2266 | D:4      | Noticed Grinder
  2266 | D:4      | Grinder changed into Grinder the iron imp
  2271 | D:4      | Killed Grinder the iron imp
  2271 | D:4      | Reached XP level 5. HP: 21/33 MP: 8/8
  2470 | D:4      | Noticed a phantom
  2567 | D:4      | Found Yrithu's Magic Scroll Emporium.
  2623 | D:4      | Noticed a slave
  2643 | D:4      | Noticed Pikel
  2643 | D:4      | Noticed a slave
  2643 | D:4      | Noticed a slave
  2644 | D:4      | Noticed a slave
  2709 | D:4      | Killed a freed slave
  2719 | D:4      | Killed Pikel
  2722 | D:5      | Entered Level 5 of the Dungeon
  2729 | D:5      | Reached skill level 5 in Stealth
  2781 | D:5      | Reached XP level 6. HP: 34/38 MP: 9/9
  3219 | D:5      | Reached skill level 6 in Stealth
  3332 | D:5      | Reached XP level 7. HP: 41/43 MP: 10/10
  3842 | D:4      | Reached skill level 5 in Dodging
  4036 | D:4      | Reached skill level 5 in Evocations
  4245 | D:4      | Noticed Natasha
  4255 | D:4      | Killed Natasha
  4323 | D:4      | Noticed Natasha
  4329 | D:4      | Killed Natasha
  4329 | D:4      | Reached skill level 7 in Stealth
  4571 | D:6      | Noticed M4edhros's ghost (novice SpCK)
  4917 | D:6      | Reached XP level 8. HP: 41/48 MP: 12/12
  4961 | D:6      | Reached skill level 8 in Stealth
  5083 | D:7      | Found a shattered altar of Ashenzari.
  5086 | D:7      | Gained mutation: You are frail (-10% HP). [mutagenic meat]
  5087 | D:7      | Gained mutation: You are dopey. (Int -2) [mutagenic meat]
  5088 | D:7      | Gained mutation: Your flesh is cold resistant. [mutagenic meat]
  5089 | D:7      | Gained mutation: Your spells are a little harder to cast, but a little more powerful. [mutagenic meat]
  5141 | D:7      | Found a staircase to the Ecumenical Temple.
  5146 | Temple   | Entered the Ecumenical Temple
  5153 | Temple   | Became a worshipper of Xom of Chaos
  5430 | Temple   | XOM: silly message
  5839 | Temple   | XOM: harmless Divn miscast
  6004 | Temple   | XOM: cast spell 'Summon Butterflies'
  6210 | Temple   | XOM: harmless Necr miscast
  6365 | Temple   | XOM: harmless Erth miscast
  6424 | D:7      | XOM: colour smoke trail
  6535 | D:7      | Found a glowing silver altar of Zin.
  6537 | D:7      | Reached skill level 9 in Stealth
  6563 | D:7      | XOM: give mutations
  6563 | D:7      | Gained mutation: You are very frail (-20% HP). [Xom's mischief]
  6563 | D:7      | Gained mutation: Your spells are harder to cast, but more powerful. [Xom's mischief]
  6563 | D:7      | Gained mutation: Your spells are much harder to cast, but much more powerful. [Xom's mischief]
  6573 | D:7      | XOM: destruction
  6714 | D:7      | XOM: polymorph orc -> goblin
  7065 | Temple   | XOM: 1-stop teleportation journey
  7181 | Temple   | XOM: mild Summ miscast
  7315 | Temple   | XOM: colour smoke trail
  7451 | Temple   | XOM: give mutation
  7451 | Temple   | Lost mutation: Your spells are much harder to cast, but much more powerful. [Xom's mischief]
  7540 | Temple   | XOM: silly message
  8237 | Temple   | XOM: vitrification
  8375 | Temple   | XOM: 1-stop teleportation journey
  8422 | Temple   | XOM: summons 1 hostile demon
  8550 | Temple   | XOM: mild Tloc miscast
  8595 | Temple   | XOM: god gift: 3 poisoned javelins
  8611 | Temple   | XOM: give mutations
  8611 | Temple   | Gained mutation: You are resistant to electric shocks. [Xom's grace]
  8611 | Temple   | Lost mutation: You are very frail (-20% HP). [Xom's grace]
  8611 | Temple   | Gained mutation: You are agile. (Dex +2) [Xom's grace]
  8611 | Temple   | Gained mutation: You evolve. [Xom's grace]
  8687 | Temple   | XOM: mild Necr miscast
  9238 | Temple   | Gained mutation: You possess an exceptional clarity of mind. [evolution]
  9539 | Temple   | XOM: divination: detect creatures
  9746 | Temple   | XOM: harmless Fire miscast
  9756 | Temple   | XOM: divination: detect creatures
  9880 | Temple   | XOM: medium Air miscast
 10112 | Temple   | XOM: noise
 10191 | D:6      | Killed M4edhros's ghost
 10191 | D:6      | Reached skill level 10 in Stealth
 10191 | D:6      | Reached skill level 1 in Shields
 10191 | D:6      | Reached XP level 9. HP: 28/46 MP: 13/13
 10242 | D:6      | You fall through a shaft for 3 floors!
 10298 | D:8      | Found a stormy altar of Qazlal.
 10311 | D:8      | Found a deep blue altar of Sif Muna.
 10341 | D:7      | XOM: harmless Pois miscast
 10469 | D:7      | XOM: silly message
 10553 | D:7      | XOM: vitrification
 10635 | D:7      | XOM: harmless Conj miscast
 10673 | D:7      | XOM: torment (24/46 hp)
 10929 | D:6      | XOM: summons 1 hostile demon
 11336 | D:5      | Lost mutation: Your flesh is cold resistant. [evolution]
 11873 | D:5      | XOM: mild Divn miscast
 12335 | D:5      | XOM: vitrification
 12641 | D:5      | XOM: medium Erth miscast
 13419 | D:5      | XOM: smoke on damage
 13951 | D:5      | XOM is BORED!
 13951 | D:5      | XOM: medium Pois miscast
 14230 | D:5      | XOM: harmless Air miscast
 14502 | Temple   | XOM: cast spell 'Spider Form'
 14791 | Temple   | XOM: give mutations
 14791 | Temple   | Lost mutation: You are dopey. (Int -2) [Xom's grace]
 14791 | Temple   | Lost mutation: You evolve. [Xom's grace]
 14791 | Temple   | Gained mutation: You are somewhat resistant to further mutation. [Xom's grace]
 14791 | Temple   | Gained mutation: You can translocate small distances at will. [Xom's grace]
 14791 | Temple   | Gained mutation: You are partially covered in slimy green scales (AC +2). [Xom's grace]
 15635 | Temple   | XOM: give mutations
 15635 | Temple   | Gained mutation: You expend magic power (3 MP) to strengthen your wands. [Xom's mischief]
 15635 | Temple   | Lost mutation: You are frail (-10% HP). [Xom's mischief]
 15635 | Temple   | Gained mutation: You are frail (-10% HP). [Xom's mischief]
 15662 | Temple   | XOM: god gift: whip {god gift}
 15689 | Temple   | XOM: god gift: royal jelly
 15979 | Temple   | XOM: 7-stop teleportation journey
 16397 | Temple   | XOM: god gift: knobbly runed staff {god gift}
 16568 | Temple   | XOM: vitrification
 16668 | Temple   | XOM is BORED!
 16668 | Temple   | XOM: noise
 16675 | Temple   | XOM: god gift: 8 arrows of dispersal
 17249 | Temple   | XOM: give mutations
 17249 | Temple   | Gained mutation: You are partially covered in yellow scales (AC +2). [Xom's grace]
 17249 | Temple   | Gained mutation: One of your tentacles bears a spike. [Xom's grace]
 17249 | Temple   | Gained mutation: Your flesh is heat resistant. [Xom's grace]
 18088 | Temple   | XOM: divination: detect creatures
 18780 | Temple   | XOM is BORED!
 18780 | Temple   | XOM: medium Divn miscast
 19943 | Temple   | XOM: mild Trmt miscast
 20206 | Temple   | XOM: mild Necr miscast
 20936 | Temple   | XOM: god gift: plate armour {god gift}
 20977 | Temple   | XOM: medium Fire miscast
 21047 | Temple   | XOM is BORED!
 21047 | Temple   | XOM: mild Tloc miscast
 22282 | Temple   | XOM: harmless Air miscast
 22356 | Temple   | XOM is BORED!
 22356 | Temple   | XOM: harmless Ice miscast
 22681 | Temple   | XOM: cast spell 'Ice Form'
 23245 | Temple   | XOM: divination: detect creatures
 23287 | Temple   | XOM: mild Tloc miscast
 23623 | D:3      | Killed Ijyb
 23739 | D:3      | XOM: potion effect (berserk rage)
 23741 | D:3      | XOM: mild Erth miscast
 23831 | D:3      | XOM: smoke on damage
 24019 | D:3      | Killed Jessica
 24442 | D:3      | XOM is BORED!
 24442 | D:3      | XOM: noise
 24680 | D:3      | XOM: divination: detect creatures
 24690 | D:3      | XOM: god gift: short smoking staff {god gift}
 24825 | D:3      | XOM: vitrification
 25102 | D:3      | XOM: colour smoke trail
 25305 | D:3      | XOM is BORED!
 25305 | D:3      | XOM: medium Tloc miscast
 25628 | D:3      | XOM: colour smoke trail
 26063 | D:3      | XOM: harmless Hex miscast
 26153 | D:4      | Noticed Natasha
 26160 | D:4      | Killed Natasha
 27459 | Temple   | XOM: god gift: scroll labeled NETYW NUUPN
 27541 | Temple   | XOM: harmless Tloc miscast
 27886 | Temple   | XOM: god gift: 49 gold pieces
 27961 | Temple   | XOM: 1-stop teleportation journey
 27996 | Temple   | XOM: harmless Trmt miscast
 28700 | Temple   | XOM: harmless Hex miscast
 28993 | Temple   | XOM is BORED!
 28993 | Temple   | XOM: mild Tloc miscast
 29132 | D:4      | XOM: mild Hex miscast
 29218 | D:3      | Found a glowing golden altar of the Shining One.
 29354 | D:3      | XOM: mild Erth miscast
 29555 | Temple   | XOM: silly message
 29941 | Temple   | XOM: give mutations
 29941 | Temple   | Lost mutation: One of your tentacles bears a spike. [Xom's mischief]
 29941 | Temple   | Gained mutation: Your body sometimes deteriorates upon taking damage. [Xom's mischief]
 29941 | Temple   | Lost mutation: Your body sometimes deteriorates upon taking damage. [Xom's mischief]
 30342 | Temple   | XOM: mild Necr miscast
 30897 | Temple   | XOM: colour smoke trail
 31186 | Temple   | XOM: god gift: pair of embroidered boots {god gift}
 31526 | Temple   | XOM: colour smoke trail
 31990 | Temple   | XOM: give mutation
 31990 | Temple   | Gained mutation: You are very agile. (Dex +4) [Xom's grace]
 32495 | Temple   | XOM: give mutations
 32495 | Temple   | Gained mutation: You are somewhat resistant to both further mutation and mutation removal. [Xom's grace]
 32495 | Temple   | Gained mutation: Your flesh is very heat resistant. [Xom's grace]
 32550 | Temple   | XOM: god gift: scroll of enchant weapon
 32662 | Temple   | XOM: give mutations
 32662 | Temple   | Gained mutation: Your flesh is cold resistant. [Xom's grace]
 32662 | Temple   | Gained mutation: You are almost entirely resistant to further mutation and mutation removal. [Xom's grace]
 32662 | Temple   | Gained mutation: Your spells are much harder to cast, but much more powerful. [Xom's grace]
 32836 | D:3      | XOM: summons 4 hostile shadow creatures
 32881 | D:2      | XOM: god gift: 3 arrows of dispersal
 33293 | D:2      | Found an iron altar of Okawaru.
 33803 | D:1      | XOM: scenery: create altars
 34350 | D:1      | XOM is BORED!
 34350 | D:1      | XOM: medium Ice miscast
 35490 | D:1      | XOM is BORED!
 35490 | D:1      | XOM: give mutations
 35490 | D:1      | Lost mutation: You are frail (-10% HP). [Xom's mischief]
 35490 | D:1      | Lost mutation: You possess an exceptional clarity of mind. [Xom's mischief]
 35490 | D:1      | Lost mutation: You are partially covered in yellow scales (AC +2). [Xom's mischief]
 35803 | D:8      | XOM: enchant monster (good)
 35853 | D:8      | XOM: 3-stop teleportation journey
 35869 | D:8      | Reached skill level 11 in Stealth
 35916 | D:8      | XOM: summons friendly quasit
 36050 | D:8      | XOM: colour smoke trail
 36865 | D:8      | XOM: 3-stop teleportation journey
 36886 | D:8      | Got a fine war axe
 36887 | D:8      | Identified the +9 war axe of the Penguin {holy, rC+} (You found it on level 8 of the Dungeon)
 36929 | D:8      | XOM: harmless Air miscast
 37276 | D:8      | XOM: silly message
 37614 | D:8      | XOM: mild Summ miscast
 37682 | D:8      | XOM: mild Necr miscast
 38381 | D:9      | XOM: colour smoke trail
 38759 | D:9      | XOM: harmless Summ miscast
 38761 | D:9      | XOM: enchant monster (good)
 38774 | D:9      | XOM: blink monster(s)
 38796 | D:9      | XOM: silly message
 38874 | D:9      | Found a burning altar of Makhleb.
 38896 | D:9      | XOM: noise
 39088 | D:9      | XOM: 2-stop teleportation journey
 39557 | D:9      | XOM is BORED!
 39557 | D:9      | XOM: mild Tloc miscast
 39566 | D:9      | XOM: divination: detect creatures
 39568 | D:9      | Mangled by an orc warrior

Vault maps used:
D:1:      co_arrival_random_square_maze
D:2:      serial_forest, infiniplex_forest_clump_diagonal,
          infiniplex_forest_clump_tiny, infiniplex_forest_clump_medium,
          infiniplex_forest_clump_tiny, infiniplex_forest_end_3,
          infiniplex_forest_straight_2, infiniplex_forest_corner_1,
          infiniplex_forest_lined_2, st_stairs_8, okawaru_gym_becter
D:3:      nicolae_tso_carved_into_rock, first_bread, uniq_iyjb, uniq_robin,
          uniq_jessica
D:4:      lemuel_crystal_altar, serial_shops, shop_statue,
          kennysheep_generic_room_15, uniq_grinder, uniq_natasha, uniq_pikel
D:6:      minmay_misc_feat_pillars
D:7:      zin_academy, temple_doors_e, cheibrodos_ashenzari_chains
D:8:      grunt_temple_overflow_open, lemuel_crystal_altar,
          nicolae_overflow_crystal_walls
D:9:      kennysheep_ambush_hall, makhleb_blood_cavern_becter,
          marbit_many_paths, grunt_ogre_cave, nemelex_lonely_heart_becter,
          uniq_psyche
Temple:   nicolae_temple_no_exploring_needed

Action                   |  1- 3 |  4- 6 |  7- 9 || total
-------------------------+-------+-------+-------++-------
Melee: Short sword       |    78 |    57 |       ||   135
       Whip              |       |    32 |   118 ||   150
       Mace              |       |       |   258 ||   258
       War axe           |       |       |    27 ||    27
       Blowgun           |       |       |     1 ||     1
 Fire: Blowgun           |       |       |    11 ||    11
Evoke: Wand              |     1 |    11 |    30 ||    42
  Use: Potion            |       |     2 |    13 ||    15
       Scroll            |       |     2 |    11 ||    13
 Stab: Sleeping          |    13 |    15 |    21 ||    49
       Distracted        |     1 |       |     4 ||     5
       Paralysed         |       |     2 |     2 ||     4
  Eat: Chunk             |     8 |     9 |   100 ||   117
       Pizza             |       |       |     4 ||     4
       Meat ration       |       |       |     2 ||     2
       Bread ration      |       |       |     2 ||     2
       Royal jelly       |       |       |     1 ||     1
       Beef jerky        |       |       |     1 ||     1
